 Dungeon Crawl Stone Soup version 0.26.0-7-g794d0892b4 (webtiles) character file.

Game seed: 4644002846512993923

4213 Jerry the Basher (level 10, -3/61 HPs)
             Began as a Tengu Abyssal Knight on Jan 11, 2021.
             Was a High Priest of Lugonu.
             Slain by an unseen horror (7 damage)
             ... on level 8 of the Dungeon.
             The game lasted 00:45:00 (8775 turns).

Jerry the Basher (Tengu Abyssal Knight)             Turns: 8775, Time: 00:45:01

Health: -3/61      AC:  6    Str: 18    XL:     10   Next: 29%
Magic:  16/16      EV: 13    Int: 13    God:    Lugonu [*****.]
Gold:   366        SH:  6    Dex: 14    Spells: 9/9 levels left

rFire    + . .     SeeInvis .   g - +3 whip (holy)
rCold    . . .     Faith    .   m - +1 buckler
rNeg     . . .     Spirit   .   s - +0 ring mail of the Devil's Team {rF+ Will+ Str+3}
rPois    .         Reflect  .   (helmet restricted)
rElec    .         Harm     .   r - scarf {shadows}
rCorr    .         Rampage  .   (no gloves)
Will     +....                  (boots unavailable)
Stlth    ++........             n - amulet of regeneration
HPRegen  0.60/turn              q - ring of stealth
MPRegen  0.15/turn              (no ring)

@: flying quickly and evasively, quick
A: beak, talons 3, able to fly
a: Stop Flying, Renounce Religion, Depart the Abyss, Bend Space, Banish,
Corrupt, Enter the Abyss


You were on level 8 of the Dungeon.
You worshipped Lugonu.
Lugonu was extremely pleased with you.
You visited 1 branch of the dungeon, and saw 8 of its levels.
You visited the Abyss 1 time.
You also visited: Sewer and Ossuary.

You collected 366 gold pieces.

Inventory:

Hand Weapons
 a - a +1 mace
 g - a +3 whip of holy wrath (weapon)
Armour
 m - a +1 buckler (worn)
 r - a scarf of shadows (worn)
 s - the +0 ring mail of the Devil's Team (worn) {rF+ Will+ Str+3}
   (You found it on level 6 of the Dungeon)

   It affects your strength (+3).
   It protects you from fire.
   It affects your willpower, your defense against some magical effects.
Jewellery
 n - an amulet of regeneration (around neck)
 q - a ring of stealth (left hand)
Wands
 y - a wand of enslavement (5)
Scrolls
 f - 2 scrolls of fear
 i - 3 scrolls of amnesia
 j - 4 scrolls of immolation
 k - 4 scrolls of identify
 t - a scroll of enchant armour
 u - 5 scrolls of teleportation
 x - 3 scrolls of remove curse
Potions
 b - a potion of magic {unknown}
 c - a potion of ambrosia {unknown}
 d - 3 potions of lignification
 e - 5 potions of heal wounds
 h - a potion of might
 l - 4 potions of mutation
 o - 8 potions of curing {unknown}
 p - 4 potions of flight {unknown}
 v - 3 potions of brilliance {unknown}
 w - a potion of invisibility {unknown}
 z - a potion of berserk rage {unknown}
 A - a potion of resistance {unknown}


   Skills:
 + Level 6.8 Fighting
 * Level 8.7 Maces & Flails
 + Level 7.7 Armour
 - Level 1.1 Dodging
 - Level 0.1 Stealth
 - Level 4.0 Shields
 + Level 6.9 Invocations


You had 9 spell levels left.
You didn't know any spells.
Your spell library contained the following spells:

 Spells                   Type           Power        Failure   Level
 Sandblast                Erth           0%           45%         1
 Passwall                 Tmut/Erth      0%           58%         2
 Stone Arrow              Conj/Erth      0%           83%         3
 Petrify                  Tmut/Erth      0%           99%         4
 Lee's Rapid Deconstruct  Erth           0%           100%        5


Dungeon Overview and Level Annotations

Branches:
Dungeon (8/15)             Temple (0/1) D:6           Sewer (visited)
Ossuary (visited)
   Lair: D:8-11

Altars:
Dithmenos
Fedhas
Gozag
Kikubaaqudgha
Qazlal
Trog
Uskayaw
Wu Jian
Xom

Shops:
D:5 *

Annotations:
D:6 1 runed translucent door, po7itron's ghost, novice MiFi


Innate Abilities, Weirdness & Mutations

You have a beak for a mouth.
You have claws for feet.
You can fly continuously.


Message History

You hit the orc warrior.
The orc warrior is lightly wounded.
You closely miss the orc warrior. You peck the orc warrior.
The orc warrior is moderately wounded.
The orc warrior closely misses you.
You hit the orc warrior but do no damage.
The orc warrior is moderately wounded.
The adder hisses angrily.
You hit the orc warrior. Your kick misses the orc warrior.
The orc warrior is heavily wounded.
Something hits you.
Deactivating autopickup; reactivate with Ctrl-A.
Something hits you!
The orc warrior hits you with a +0 halberd!!
* * * LOW HITPOINT WARNING * * *
Something hits you but does no damage.
The orc warrior hits you from afar with a +0 halberd!
* * * LOW HITPOINT WARNING * * *
Something hits you!
You die...

...#### ##...## .###
##...## ## ##...## ##...##
#...## #####..#######
##......#.....#######
....................##
......†....####@###..#
............##....##.##
.............####.##..### #
..............##.oS##...#.#
...............###.##.....#
................##..##.##.#
..........#..###.#..# #
....###.###..##.##.# ...
#.# ##..##:#.#


You could see an orc warrior and an adder.

Vanquished Creatures
  6 humans (D:7)
  A sky beast (D:5)
  4 phantoms
  4 ogres
  4 centaurs
  2 bullfrogs (D:8)
  A big kobold (Sewer)
  A gnoll sergeant (D:5)
  A water moccasin zombie (D:6)
  10 scorpions
  3 howler monkeys
  A centaur zombie (Ossuary)
  A human zombie (Ossuary)
  A bullfrog skeleton (D:5)
  A centaur skeleton (D:8)
  2 hounds
  5 orc wizards
  2 gnoll shamans (D:5)
  5 orc priests
  An iguana (D:6)
  3 worker ants
  2 big kobold zombies (Ossuary)
  3 mummies (Ossuary)
  A worker ant zombie (D:5)
  42 gnolls
  10 adders
  3 river rats (Sewer)
  A scorpion zombie (Ossuary)
  A white imp (D:8)
  4 ufetubi
  2 oozes
  3 adder skeletons
  3 worms
  A dart slug (D:2)
  4 leopard geckos
  19 orcs
  6 giant cockroaches
  5 gnoll zombies (Ossuary)
  7 goblins
  4 hobgoblins
  20 jackals
  9 kobolds
  7 quokkas
  3 ball pythons
  7 bats
  7 frilled lizards
  2 goblin zombies (Ossuary)
  A hobgoblin zombie (Ossuary)
  A kobold zombie (Ossuary)
  A quokka skeleton (D:8)
  2 quokka zombies
  14 rats
254 creatures vanquished.

Vanquished Creatures (others)
  A frilled lizard (D:7)
  4 fungi (D:5)
5 creatures vanquished.

Grand Total: 259 creatures vanquished

Notes
Turn   | Place    | Note
-------+----------+-------------------------------------------
     0 | Abyss:1  | Jerry the Tengu Abyssal Knight began the quest for the Orb.
     0 | Abyss:1  | Reached XP level 1. HP: 14/14 MP: 3/3
    12 | D:1      | Escaped the Abyss
   338 | D:1      | Reached XP level 2. HP: 14/19 MP: 4/4
   684 | D:1      | Reached ** piety under Lugonu
   912 | D:2      | Reached XP level 3. HP: 23/23 MP: 5/5
   998 | D:2      | Found an ornate altar of the Wu Jian Council.
  1117 | D:2      | Reached XP level 4. HP: 28/28 MP: 6/6
  1255 | D:2      | Reached skill level 3 in Maces & Flails
  2126 | D:3      | Gained mutation: You can fly continuously. [Tengu growth]
  2126 | D:3      | Reached XP level 5. HP: 33/33 MP: 8/8
  2501 | D:4      | Reached *** piety under Lugonu
  2679 | D:4      | Noticed a phantom
  2695 | D:4      | Killed a phantom
  2696 | D:4      | Reached XP level 6. HP: 24/38 MP: 9/9
  2790 | D:4      | Found a sand-covered staircase.
  2818 | Ossuary  | Entered an ossuary
  2881 | Ossuary  | Reached skill level 1 in Shields
  2899 | Ossuary  | Reached skill level 4 in Maces & Flails
  2959 | Ossuary  | Reached XP level 7. HP: 27/43 MP: 11/11
  3912 | D:5      | Entered Level 5 of the Dungeon
  3960 | D:5      | Reached XP level 8. HP: 42/48 MP: 12/12
  3984 | D:5      | Reached **** piety under Lugonu
  3985 | D:5      | Reached skill level 5 in Maces & Flails
  3996 | D:4      | Reached skill level 5 in Armour
  4171 | D:5      | Reached skill level 5 in Invocations
  4227 | D:5      | Found an ancient bone altar of Kikubaaqudgha.
  4359 | D:5      | Found an opulent altar of Gozag.
  4363 | D:5      | Found Gozag's Platinum Reserve.
  4463 | D:5      | Found a hide-covered altar of Uskayaw.
  4935 | D:5      | Reached skill level 5 in Fighting
  5091 | D:5      | Reached skill level 6 in Maces & Flails
  5095 | D:5      | Reached XP level 9. HP: 23/54 MP: 14/14
  5280 | D:5      | Reached ***** piety under Lugonu
  5809 | D:6      | Found a runed translucent door.
  5811 | D:6      | Noticed po7itron's ghost (novice MiFi)
  5869 | D:6      | Found a glowing drain.
  5879 | Sewer    | Entered a sewer
  6010 | Sewer    | Found a white marble altar of Elyvilon.
  6178 | D:6      | Got a translucent ring mail
  6179 | D:6      | Identified the +0 ring mail of the Devil's Team {rF+ Will+
                  | Str+3} (You found it on level 6 of the Dungeon)
  6556 | D:6      | Found a shadowy altar of Dithmenos.
  6618 | D:6      | Reached skill level 7 in Maces & Flails
  6629 | D:6      | Found a staircase to the Ecumenical Temple.
  6676 | D:6      | Found a blossoming altar of Fedhas.
  7785 | D:7      | Reached XP level 10. HP: 37/61 MP: 15/15
  7800 | D:7      | Reached skill level 8 in Maces & Flails
  8180 | D:7      | Found a shimmering altar of Xom.
  8359 | D:7      | Found a bloodstained altar of Trog.
  8440 | D:7      | Found an ornate altar of the Wu Jian Council.
  8546 | D:8      | Found a stormy altar of Qazlal.
  8775 | D:8      | Slain by an unseen horror

Illustrated notes

Levels and vault maps discovered:
D:1:      minmay_arrival_doors, layout_loops_corners
D:2:      layout_basic, pdpol_wu_jian_five_deadly_venoms
D:3:      layout_loops_corners
D:4:      layout_rooms, enter_ossuary_2
D:5:      lemuel_castle_with_subvaults [lemuel_castle_interior_carwin_1],
          layout_loops_ring, nicolae_gozag_zags_fifth_avenue,
          eat_drink_and_be_merry_uskayaw, serial_aquarium,
          aquarium_bridge_straight [aquarium_subvault_bridge,
          aquarium_subvault_balcony, aquarium_subvault_bridge,
          aquarium_subvault_balcony], aquarium_window_fake,
          aquarium_window_double, aquarium_window_2, aquarium_view_2b,
          aquarium_view_2c, aquarium_pool_corner, lemuel_altar_in_water
D:6:      minmay_angry_zag, layout_loops_ring, kennysheep_mini_moat,
          minmay_temple_entry_glassed_door, portal_sewer_entry_b,
          ebering_ghost_inner_flame, fedhas_bush_and_centaur_altar
D:7:      layout_loops_ring, tgw_xom, hangedman_feature_mirror, minmay_ruffians
D:8:      layout_cave_pods, grunt_qazlal_clouds, kennysheep_mini, slow_altar_1,
          minmay_manual_mandibuliform

Skill      XL: |  1  2  3  4  5  6  7  8  9 10 |
---------------+-------------------------------+-----
Invocations    | 2 3 4 5 6 |  6.9
Maces & Flails | 3 4 6 7 8 |  8.7
Armour         | 3 4 5 7 |  7.7
Fighting       | 4 5 6 |  6.8
Shields        | 1 2 4 |  4.0
Dodging        | |  1.1
Stealth        | |  0.1

Action                   |  1- 3 |  4- 6 |  7- 9 | 10-12 || total
-------------------------+-------+-------+-------+-------++-------
Melee: Mace              |     9 |       |       |       ||     9
       Whip              |    55 |   180 |   636 |   118 ||   989
       Kick              |    17 |    34 |   182 |    35 ||   268
       Peck              |     6 |    28 |   127 |    24 ||   185
Invok: Bend Space        |       |     3 |     1 |       ||     4
 Abil: Fly               |       |     1 |     1 |       ||     2
       Stop Flying       |       |       |     1 |       ||     1
  Use: Scroll            |     1 |     8 |    13 |       ||    22
       Potion            |       |       |     2 |       ||     2
 Stab: Sleeping          |     2 |     4 |     2 |     1 ||     9
Armor: Leather armour    |    19 |    29 |     2 |       ||    50
       Scale mail        |       |       |    73 |       ||    73
       Skin              |       |       |     7 |       ||     7
       Ring mail         |       |       |    16 |    10 ||    26
Dodge: Dodged            |    36 |   108 |   220 |    25 ||   389
Block: Buckler           |       |       |    92 |    15 ||   107
